 Dungeon Crawl Stone Soup version 0.30-a0-1075-gcd70e7a56d (webtiles) character file.

Game seed: 8215166446427657689

29663 tsouns the Thaumaturge (level 13, -1/107 HPs)
             Began as a Mummy Necromancer on Apr 14, 2023.
             Was a High Priest of Vehumet.
             Slain by a skeletal warrior
             ... wielding a +0 trident
              (21 damage)
             ... on level 14 of the Dungeon.
             The game lasted 00:56:00 (15388 turns).

tsouns the Thaumaturge (Mummy Necromancer)         Turns: 15388, Time: 00:56:01

Health: -1/107     AC: 18    Str: 11    XL:     13   Next: 16%
Magic:  19/31      EV: 11    Int: 19    God:    Vehumet [*****.]
Gold:   702        SH:  0    Dex: 13    Spells: 10/40 levels left

rFire   x . .      SeeInvis .    o - +6 halberd (freeze)
rCold   + . .      Faith    +    (shield currently unavailable)
rNeg    + + +      Spirit   .    G - +0 acid dragon scales
rPois   ∞          Reflect  .    m - +2 hat {Will+}
rElec   .          Rampage  .    s - +2 cloak
rCorr   +                        l - +0 pair of gloves
Will    ++...                    h - +1 pair of boots
Stlth   +                        I - amulet of Vitality {RegenMP++ Regen++}
HPRegen 1.97/turn                E - ring of wizardry
MPRegen 1.02/turn                e - +4 ring of protection

@: no status effects
A: cold resistance 1, negative energy resistance 3, torment resistance 2, heat
vulnerability 1, in touch with death 2, no potions, faith
a: Renounce Religion


You were on level 14 of the Dungeon.
You worshipped Vehumet.
Vehumet was extremely pleased with you.
You visited 2 branches of the dungeon, and saw 16 of its levels.
You also visited: Bailey.

You collected 788 gold pieces.
You spent 86 gold pieces at shops.

Inventory:

Hand Weapons
 d - a +2 shortbow of flaming
 j - a +1 dagger of venom
 o - a +6 halberd of freezing (weapon)
 u - a +0 trident of protection
 x - a +0 flail of pain
Missiles
 a - 2 throwing nets
 f - 19 poisoned darts
 q - 6 curare-tipped darts
 z - 5 javelins
 C - 21 boomerangs
Armour
 h - a +1 pair of boots (worn)
 l - a +0 pair of gloves (worn)
 m - a +2 hat of willpower (worn)
 s - a +2 cloak (worn)
 G - +0 acid dragon scales (worn)
Jewellery
 e - a +4 ring of protection (right hand)
 w - the ring of Disaster {Fly rPois Str+2}
   (You found it on level 7 of the Dungeon)

   [ring of flight]

   Str:       It affects your strength (+2).
   rPois:     It protects you from poison.
   Fly:       It grants you flight.
 E - a ring of wizardry (left hand)
 I - the amulet of Vitality (around neck) {RegenMP++ Regen++}
   (You took it off a boggart on level 11 of the Dungeon)

   [amulet of magic regeneration]

   It increases your rate of magic regeneration.
   Regen:     It increases your rate of health regeneration.
Wands
 i - a wand of paralysis (9)
 n - a wand of flame (50)
 B - a wand of digging (10)
 D - a wand of roots (11)
Scrolls
 b - 3 scrolls of poison
 c - 3 scrolls of amnesia
 g - a scroll of butterflies
 k - a scroll of torment
 p - 2 scrolls of fear
 r - a scroll of fog
 t - 4 scrolls of teleportation
 v - a scroll of enchant weapon
 y - a scroll of vulnerability
 A - a scroll of magic mapping
 F - a scroll of blinking
 H - a scroll of identify


   Skills:
 + Level 11.6 Fighting
 - Level 4.0 Short Blades
 + Level 5.2 Polearms
 - Level 1.5 Dodging
 - Level 1.5 Stealth
 + Level 14.0 Spellcasting
 - Level 4.3 Conjurations
 - Level 8.4 Necromancy
 + Level 6.9 Ice Magic
 - Level 3.5 Air Magic
 - Level 2.0 Poison Magic


You had 10 spell levels left.
You knew the following spells:

 Your Spells              Type           Power      Damage    Failure   Level
a - Necrotise             Necr           100%       1d9       1%          1
b - Vampiric Draining     Necr           80%        2d11      1%          3
c - Animate Dead          Necr           80%        N/A       1%          4
d - Agony                 Necr           80%        N/A       2%          5
e - Kiss of Death         Conj/Necr      100%       2d13      1%          1
f - Mephitic Cloud        Conj/Pois/Air  26%        N/A       1%          3
g - Freezing Cloud        Conj/Ice/Air   16%        6-21      3%          5
h - Olgreb's Toxic Radia  Pois           21%        N/A       4%          4
i - Sticky Flame          Conj/Fire      21%        2d4       3%          4

Your spell library contained the following spells:

 Spells                   Type           Power      Damage    Failure   Level
 Fulminant Prism          Conj/Hex       10%        3d8       3%          4
 Ensorcelled Hibernation  Hex/Ice        52%        N/A       1%          2
 Poisonous Vapours        Pois/Air       48%        N/A       1%          2
 Swiftness                Air            26%        N/A       2%          3
 Summon Small Mammal      Summ           52%        N/A       3%          1
 Passwall                 Tmut/Erth      10%        N/A       4%          2
 Vhi's Electric Charge    Tloc/Air       40%        N/A       4%          3
 Arcjolt                  Conj/Air       14%        1d24      4%          5
 Call Canine Familiar     Summ           13%        N/A       9%          3
 Summon Guardian Golem    Hex/Summ       13%        N/A       9%          3
 Metabolic Englaciation   Hex/Ice        13%        N/A       21%         5
 Yara's Violent Unravell  Hex/Tmut       6%         3d5       22%         5
 Cause Fear               Hex            6%         N/A       28%         4
 Petrify                  Tmut/Erth      13%        N/A       28%         4
 Plasma Beam              Fire/Air       10%        2x1d23    45%         6
 Eringya's Noxious Bog    Tmut/Pois      8%         N/A       54%         6
 Summon Forest            Summ/Tloc      6%         N/A       61%         5
 Summon Hydra             Summ           6%         N/A       100%        7
 Discord                  Hex            6%         N/A       100%        8
 Ignition                 Fire           6%         3d4       100%        8
 Dragon's Call            Summ           6%         N/A       100%        9
 Polar Vortex             Ice            19%        N/A       100%        9
 Beastly Appendage        Tmut           Unusable   N/A       N/A         1
 Ice Form                 Ice/Tmut       Unusable   N/A       N/A         4
 Blade Hands              Tmut           Unusable   N/A       N/A         5
 Statue Form              Tmut/Erth      Unusable   N/A       N/A         6
 Dragon Form              Tmut           Unusable   N/A       N/A         7

Dungeon Overview and Level Annotations

Branches:
Dungeon (15/15)            Temple (1/1) D:7            Lair (0/5) D:9
    Orc (0/2) D:10         Bailey (visited)
 Vaults: D:13-14     Depths: D:15

Altars:
Ashenzari
Cheibriados
Dithmenos
Fedhas
Gozag
Hepliaklqana
Kikubaaqudgha
Makhleb
Nemelex Xobeh
Okawaru
Qazlal
Ru
Sif Muna
Trog
Uskayaw
Vehumet
Wu Jian
Xom
Yredelemnul

Shops:
D:2 ?   D:3 ?   D:4 (   D:5 =   D:12 [

Annotations:
D:12 2 transporters, Cooqonn's ghost, journeyman DsVM


Innate Abilities, Weirdness & Mutations

You are immune to poison.
Your flesh is cold resistant. (rC+)
You are immune to negative energy. (rN+++)
You are immune to unholy pain and torment.
You are vulnerable to heat. (rF-)
You are strongly in touch with the powers of death.
You do not drink.
You have a special connection with the divine. (Faith)


Message History

The sticky flame hits the skeletal warrior but does no damage.
The skeletal warrior is moderately damaged.
The skeletal warrior is covered in liquid flames!
You hear a sizzling sound!
The skeletal warrior burns!
The skeletal warrior closely misses you.
Unknown command.
You hit the skeletal warrior. You freeze the skeletal warrior.
The skeletal warrior is moderately damaged.
The skeletal warrior burns!
The skeletal warrior is engulfed in freezing vapours.
The skeletal warrior barely misses you.
You hit the skeletal warrior. You freeze the skeletal warrior.
The skeletal warrior is heavily damaged.
The skeletal warrior burns! x2; The skeletal warrior stops burning.
The skeletal warrior hits you but does no damage.
The skeletal warrior hits you with a +0 trident!
* * * LOW HITPOINT WARNING * * *
Casting: Sticky Flame (dangerous; 3% risk of failure)
Confirm with . or Enter, or press ? or * to list all spells.
Aiming: Sticky Flame (dangerous; 3% risk of failure)
Press: ? - help, Shift-Dir - straight line, f/p - skeletal warrior
Aim: a skeletal warrior, wielding a +0 trident (severely damaged)
The sticky flame hits the skeletal warrior but does no damage.
The skeletal warrior is severely damaged.
The skeletal warrior is covered in liquid flames!
The skeletal warrior burns!
The skeletal warrior hits you with a +0 trident!
* * * LOW HITPOINT WARNING * * *
Casting: Sticky Flame (dangerous; 3% risk of failure)
Confirm with . or Enter, or press ? or * to list all spells.
Aiming: Sticky Flame (dangerous; 3% risk of failure)
Press: ? - help, Shift-Dir - straight line, f/p - skeletal warrior
Aim: a skeletal warrior, wielding a +0 trident (severely damaged, covered in liquid flames)
The sticky flame hits the skeletal warrior but does no damage.
The skeletal warrior is severely damaged.
The skeletal warrior is covered in liquid flames!
The skeletal warrior burns!
The skeletal warrior hits you with a +0 trident!!
You die...

###
#.#
..#
#.#
#.#
#.#
#.#
#@#
#z#
#z#
#☼#
...
#.#
#.#
#.#


You could see 2 skeletal warriors.

Vanquished Creatures
  An orc warlord (Bailey)
  A centaur warrior (D:15)
  A boulder beetle (D:11)
  5 two-headed ogres
  5 skeletal warriors
  Pikel (D:5)
  A wizard (D:15)
  2 deep elf pyromancers
  2 manticores
  5 ugly things
  5 cyclopes
  A gargoyle (D:11)
  2 yaktaurs
  4 kobold demonologists (D:10)
  3 trolls
  Grinder (D:4)
  A hornet (D:11)
  A hornet (shapeshifter) (D:15)
  Sigmund (D:2)
  3 shadows
  12 slime creatures
  A wyvern (D:9)
  21 yaks
  A wraith (D:10)
  A basilisk (D:12)
  3 acid dragons
  2 water moccasins
  14 orc warriors
  4 ice beasts
  3 black bears
  An ogre (D:4)
  6 centaurs
  5 boggarts
  2 phantoms
  2 kobold brigands
  A gnoll sergeant (D:11)
  3 bullfrogs
  4 scorpions
  5 wights (D:6)
  11 killer bees
  3 electric eels (D:12)
  A howler monkey (D:6)
  3 jellies
  11 orc priests
  Crazy Yiuf (D:4)
  2 gnoll boudas
  Ijyb (D:3)
  17 orc wizards
  4 iguanas
  Robin (D:2)
  17 gnolls
  3 adders
  3 shadow imps
  A white imp (D:7)
  3 ufetubi
  4 worms
  3 dart slugs
  49 orcs
  5 bats
  3 endoplasms
  4 giant cockroaches
  12 hobgoblins
  2 jackals (D:5)
  7 quokkas
  10 ball pythons
  3 frilled lizards
  21 goblins
  30 kobolds
  5 rats
377 creatures vanquished.

Vanquished Creatures (collateral kills)
  A gnoll (D:5)
  An adder (D:3)
  A dart slug (D:1)
  An endoplasm (D:1)
  3 hobgoblins (D:1)
  A frilled lizard (D:1)
  5 kobolds
  A rat (D:1)
14 creatures vanquished.

Vanquished Creatures (others)
  2 orc wizards
  A quokka zombie (D:4)
  18 fungi (D:9)
  15 plants (D:9)
36 creatures vanquished.

Grand Total: 427 creatures vanquished

Notes
Turn   | Place    | Note
-------+----------+-------------------------------------------
     0 | D:1      | tsouns the Mummy Necromancer began the quest for the Orb.
     0 | D:1      | Reached XP level 1. HP: 13/13 MP: 4/4
   137 | D:1      | Reached skill level 3 in Spellcasting
   140 | D:1      | Reached XP level 2. HP: 18/20 MP: 0/6
   240 | D:1      | Reached skill level 1 in Fighting
   591 | D:1      | Gained mutation: You are in touch with the powers of death.
                  | [Mummy growth]
   591 | D:1      | Reached XP level 3. HP: 26/26 MP: 2/7
   595 | D:1      | Learned a level 3 spell: Vampiric Draining
  1315 | D:2      | Found Zimuod's Magic Scroll Shoppe.
  1323 | D:2      | Bought a scroll of identify for 24 gold pieces
  1323 | D:2      | Bought a scroll of poison for 48 gold pieces
  1753 | D:2      | Noticed Robin
  1808 | D:2      | Killed Robin
  1809 | D:2      | Reached XP level 4. HP: 19/33 MP: 0/9
  2013 | D:2      | Noticed Sigmund
  2021 | D:2      | Killed Sigmund
  2022 | D:2      | Reached skill level 1 in Short Blades
  2022 | D:2      | Reached skill level 4 in Spellcasting
  2022 | D:2      | Reached skill level 5 in Necromancy
  2022 | D:2      | Reached XP level 5. HP: 33/40 MP: 3/11
  2407 | D:3      | Noticed Ijyb
  2418 | D:3      | Killed Ijyb
  2419 | D:3      | Reached XP level 6. HP: 36/47 MP: 4/13
  2513 | D:3      | Found Aphuek's Magic Scroll Shoppe.
  2526 | D:3      | Bought a scroll of noise for 14 gold pieces
  2602 | D:3      | Learned a level 4 spell: Animate Dead
  2608 | D:3      | Learned a level 5 spell: Agony
  3064 | D:3      | Found a hazy altar of Hepliaklqana.
  3219 | D:4      | Reached skill level 5 in Spellcasting
  3275 | D:4      | Got the Papyrus of Ice
  3499 | D:4      | Reached XP level 7. HP: 45/53 MP: 13/15
  3860 | D:4      | Noticed Grinder
  3860 | D:4      | Paralysed by Grinder for 5 turns
  3866 | D:4      | Paralysed by Grinder for 2 turns
  3871 | D:4      | Killed Grinder
  3945 | D:4      | Reached skill level 6 in Spellcasting
  4054 | D:4      | Found a runed translucent door.
  4055 | D:4      | Noticed Crazy Yiuf
  4064 | D:4      | Killed Crazy Yiuf
  4161 | D:4      | Reached XP level 8. HP: 61/61 MP: 11/17
  4228 | D:4      | Found Ytinunol's Weapon Shop.
  4486 | D:5      | Entered Level 5 of the Dungeon
  4491 | D:5      | Noticed Pikel
  4519 | D:5      | Killed Pikel
  4520 | D:5      | Reached skill level 5 in Fighting
  4520 | D:5      | Reached skill level 7 in Spellcasting
  4636 | D:5      | Found a snail-covered altar of Cheibriados.
  4884 | D:5      | Found a hide-covered altar of Uskayaw.
  4908 | D:5      | Reached skill level 1 in Polearms
  4980 | D:5      | Found Jidosep's One-of-a-Kind Rings.
  5175 | D:5      | Reached XP level 9. HP: 66/69 MP: 11/20
  5542 | D:6      | Found Enwowkam's Antique Armour Emporium.
  5740 | D:6      | Found an iron altar of Okawaru.
  5951 | D:6      | Found a shimmering blue altar of Sif Muna.
  6070 | D:6      | Reached skill level 8 in Spellcasting
  6270 | D:6      | Identified the +3 mace of Eternal Vigilance {protect, rF+}
  7220 | D:6      | Found a stormy altar of Qazlal.
  7554 | D:7      | Identified the ring of Disaster {Fly rPois Str+2}
  7593 | D:7      | Reached skill level 9 in Spellcasting
  7849 | D:7      | Found a staircase to the Ecumenical Temple.
  7957 | Temple   | Entered the Ecumenical Temple
  8068 | Temple   | Became a worshipper of Vehumet
  8381 | D:7      | Reached XP level 10. HP: 72/79 MP: 16/23
  8686 | D:8      | Reached * piety under Vehumet
  8686 | D:8      | Offered knowledge of Kiss of Death by Vehumet.
  8706 | D:8      | Learned a level 1 spell: Kiss of Death
  8845 | D:8      | Found a shadowy altar of Dithmenos.
  9057 | D:8      | Reached skill level 1 in Conjurations
  9148 | D:8      | Reached skill level 10 in Spellcasting
  9245 | D:8      | Found a flagged portal.
  9254 | Bailey   | Entered a bailey
  9286 | Bailey   | Noticed an orc warlord
  9303 | Bailey   | Reached ** piety under Vehumet
  9303 | Bailey   | Offered knowledge of Searing Ray by Vehumet.
  9514 | Bailey   | Found a runed translucent gate.
  9516 | Bailey   | Found a runed translucent gate.
  9518 | Bailey   | Found a runed translucent gate.
  9679 | Bailey   | Learned a level 3 spell: Mephitic Cloud
  9685 | Bailey   | Learned a level 5 spell: Freezing Cloud
  9724 | Bailey   | Killed an orc warlord
  9725 | Bailey   | Reached skill level 1 in Ice Magic
  9725 | Bailey   | Reached skill level 1 in Air Magic
  9725 | Bailey   | Reached skill level 1 in Poison Magic
  9751 | Bailey   | Got Ysimorch's Vellum of Forms
 10014 | D:9      | Offered knowledge of Scorch by Vehumet.
 10132 | D:9      | Noticed a two-headed ogre
 10340 | D:9      | Identified the +1 leather armour "Fytogyd" {Regen+ Str+3}
 10354 | D:8      | Reached *** piety under Vehumet
 10559 | D:9      | Found a shimmering altar of Xom.
 10572 | D:9      | Noticed a two-headed ogre
 10579 | D:9      | Killed a two-headed ogre
 10580 | D:9      | Found a basalt altar of Yredelemnul.
 10689 | D:9      | Noticed a manticore
 10697 | D:9      | Reached XP level 11. HP: 56/87 MP: 4/25
 10707 | D:9      | Reached skill level 11 in Spellcasting
 11044 | D:9      | Found a staircase to the Lair.
 11256 | D:9      | Offered knowledge of Inner Flame by Vehumet.
 11457 | D:10     | Entered Level 10 of the Dungeon
 11712 | D:10     | Found an opulent altar of Gozag.
 11737 | D:10     | Found a staircase to the Orcish Mines.
 12010 | D:10     | Reached **** piety under Vehumet
 12023 | D:10     | Learned a level 4 spell: Olgreb's Toxic Radiance
 12121 | D:10     | Offered knowledge of Sticky Flame by Vehumet.
 12155 | D:10     | Noticed a two-headed ogre
 12161 | D:10     | Killed a two-headed ogre
 12464 | D:10     | Found an ancient bone altar of Kikubaaqudgha.
 12717 | D:10     | Noticed a two-headed ogre
 12723 | D:10     | Killed a two-headed ogre
 12973 | D:11     | Reached skill level 12 in Spellcasting
 13026 | D:11     | Noticed a boulder beetle
 13040 | D:11     | Killed a boulder beetle
 13165 | D:11     | Reached skill level 10 in Fighting
 13233 | D:11     | Noticed a two-headed ogre
 13641 | D:11     | Killed a two-headed ogre
 13642 | D:11     | Reached XP level 12. HP: 65/97 MP: 21/28
 13822 | D:11     | Noticed a two-headed ogre
 13827 | D:11     | Killed a two-headed ogre
 13828 | D:11     | Reached skill level 5 in Ice Magic
 14061 | D:11     | Learned a level 4 spell: Sticky Flame
 14100 | D:12     | Found Yntilul's Armour Boutique.
 14365 | D:12     | Reached skill level 13 in Spellcasting
 14850 | D:12     | Found a transporter.
 14853 | D:12     | Noticed Cooqonn's ghost (journeyman DsVM)
 14864 | D:12     | Noticed a death knight
 14962 | D:12     | Reached ***** piety under Vehumet
 14963 | D:12     | Offered knowledge of Fulminant Prism by Vehumet.
 14976 | D:12     | Found a shimmering altar of Xom.
 15013 | D:12     | Noticed a death knight
 15038 | D:12     | Found a transporter.
 15269 | D:13     | You fall into a shaft and drop 2 floors!
 15269 | D:15     | Entered Level 15 of the Dungeon
 15310 | D:15     | Identified the +6 sling "Seny" {flame, rElec}
 15315 | D:15     | Noticed a centaur warrior
 15326 | D:15     | Killed a centaur warrior
 15328 | D:15     | Gained mutation: You are strongly in touch with the powers
                  | of death. [Mummy growth]
 15328 | D:15     | Reached XP level 13. HP: 90/106 MP: 30/30
 15329 | D:15     | Reached skill level 5 in Polearms
 15376 | D:14     | Reached skill level 14 in Spellcasting
 15388 | D:14     | Slain by a skeletal warrior

Illustrated notes

Levels and vault maps discovered:
D:1:      shiori_arrival_elements, layout_basic
D:2:      layout_basic, serial_shops, nicolae_shop_hallway_stairs, uniq_robin,
          uniq_sigmund
D:3:      layout_basic, nicolae_hepliaklqana_hippocampus, serial_shops, shop,
          minmay_misc_feat_pillars, minmay_misc_feat_secret_circle, uniq_ijyb
D:4:      layout_basic, serial_shops, nicolae_shop_bloodbath_and_beyond,
          gup_sewer_entry_bubbles, uniq_grinder, uniq_crazy_yiuf_cottage
D:5:      layout_loops_ring, kennysheep_slug_shrine,
          nicolae_uskayaw_murder_on_the_dancefloor, nicolae_shop_unique_rings,
          uniq_pikel
D:6:      layout_layer_cave, mainiacjoe_overflow_brackets,
          mainiacjoe_overflow_concentric_impassable,
          nicolae_qazlal_style_of_elements, serial_shops, nicolae_stop_n_shop_1
D:7:      layout_basic, minmay_temple_entry_junction, st_stairs_9
D:8:      layout_rooms, nicolae_dithmenos_shadow_blocks, enter_bailey_3
D:9:      layout_long_grid, chequers_temple_overflow_statue_of_worship,
          grunt_lair_entry_orc_guard_hut, minivault_10
D:10:     layout_roguey, mainiacjoe_overflow_catwalk,
          mainiacjoe_overflow_tiny_flanked, orc_0_dummy
D:11:     layout_roguey, minmay_diamond_spiral
D:12:     layout_basic, gammafunk_ghost_mausoleum, serial_shops,
          kennysheep_mini, tgw_xom
D:13:     minmay_cornered_nines, layout_basic
D:14:     layout_basic, skrybe_vaults_entry_preservation,
          hangedman_decor_growths, uniq_louise
D:15:     grunt_enter_depths_snipers, layout_rooms, serial_shops,
          nicolae_shop_waterfront, nicolae_concentric_dashed_squares_mild
Temple:   nicolae_temple_two_arcs

Skill      XL: |  1  2  3  4  5  6  7  8  9 10 11 12 13 |
---------------+----------------------------------------+-----
Spellcasting   | 3 4 5 6 7 9 10 12 13 14 | 14.0
Fighting       | 1 2 3 4 5 7 8 10 11 | 11.6
Short Blades   | 1 2 3 4 |  4.0
Necromancy     | 5 6 7 8 |  8.4
Polearms       | 1 2 4 5 |  5.2
Conjurations   | 3 4 |  4.3
Ice Magic      | 2 4 6 |  6.9
Air Magic      | 2 3 |  3.5
Poison Magic   | 2 |  2.0
Dodging        | |  1.5
Stealth        | |  1.5

Action                     |  1- 3 |  4- 6 |  7- 9 | 10-12 | 13-15 || total
---------------------------+-------+-------+-------+-------+-------++-------
  Melee: Unarmed           |    12 |       |       |       |       ||    12
         Short sword       |    11 |       |       |       |       ||    11
         Punch             |     1 |       |     3 |       |       ||     4
         Dagger            |       |    32 |    73 |       |       ||   105
         Trident           |       |       |    35 |       |       ||    35
         Halberd           |       |       |    58 |   218 |    10 ||   286
         Mace              |       |       |    20 |       |       ||    20
   Cast: Necrotise         |    78 |    66 |   204 |   217 |       ||   565
         Vampiric Draining |       |     1 |    36 |   114 |     5 ||   156
         Animate Dead      |       |       |     2 |       |       ||     2
         Mephitic Cloud    |       |       |       |     7 |       ||     7
         Agony             |       |       |       |    11 |       ||    11
         Kiss of Death     |       |       |       |     3 |       ||     3
         Freezing Cloud    |       |       |       |    34 |     3 ||    37
         Olgreb's Toxic Ra |       |       |       |     3 |     2 ||     5
         Sticky Flame      |       |       |       |    14 |     7 ||    21
  Evoke: Wand              |       |       |    17 |     9 |       ||    26
    Use: Scroll            |     1 |     2 |     6 |    11 |       ||    20
   Stab: Paralysed         |       |       |     3 |       |       ||     3
         Sleeping          |       |       |     2 |     1 |       ||     3
         Distracted        |       |       |     1 |       |       ||     1
 Armour: Robe              |     6 |     9 |   146 |    95 |       ||   256
         Acid dragon scale |       |       |       |   101 |    15 ||   116
  Dodge: Dodged            |    18 |    33 |   188 |   256 |    13 ||   508
  Block: Other             |       |       |       |    68 |       ||    68
         Reflection        |       |       |       |    16 |       ||    16

Table legend: (Time is in decaauts)
 A = Elapsed time spent in this place.
 B = Non-inter-level travel time spent in this place.
 C = Inter-level travel time spent in this place.
 D = Time resting spent in this place.
 E = Time spent auto-exploring this place.
 F = Levels seen in this place.
 G = Mean time per level.
                   A        B        C        D        E       F      G
               +--------+--------+--------+--------+--------+-----+--------+
         Total |  15532 |  15192 |    340 |      0 |  11905 |  17 |  913.6 |
       Dungeon |  14822 |  14505 |    317 |      0 |  11438 |  15 |  988.1 |
        Temple |    120 |     97 |     23 |      0 |     87 |   1 |  120.0 |
        Bailey |    589 |    589 |      0 |      0 |    380 |   1 |  589.0 |
               +--------+--------+--------+--------+--------+-----+--------+

Top non-repeatable levels by time:
     D:6: 1905 daAuts
     D:4: 1398 daAuts
    D:10: 1350 daAuts
    D:11: 1289 daAuts
     D:9: 1244 daAuts
    D:12: 1241 daAuts
     D:1: 1130 daAuts
     D:2: 1123 daAuts
     D:5: 1119 daAuts
     D:7: 1063 daAuts
     D:8: 980 daAuts
     D:3: 851 daAuts
  Bailey: 589 daAuts
  Temple: 120 daAuts
    D:15: 105 daAuts
